 Dungeon Crawl Stone Soup version 0.27-a0-906-g0a00ce863d (webtiles) character file.

Game seed: 17655373530383969984

11 Lanoc the Charlatan (level 2, 0/16 HPs)
             Began as a Kobold Artificer on Apr 6, 2021.
             Was a Follower of Qazlal.
             Slain by a gnoll
             ... wielding a +0 flail
              (7 damage)
             ... on level 1 of the Dungeon.
             The game lasted 00:00:56 (758 turns).

Lanoc the Charlatan (Kobold Artificer)               Turns: 758, Time: 00:00:57

Health: 0/16       AC:  3    Str:  9    XL:     2   Next: 40%
Magic:  2/2        EV: 14    Int: 12    God:    Qazlal [*.....]
Gold:   3          SH:  1    Dex: 15    Spells: 1/1 levels left

rFire    . . .     SeeInvis .   a - +0 club
rCold    . . .     Faith    .   (shield restricted)
rNeg     . . .     Spirit   .   b - +0 leather armour
rPois    .         Reflect  .   (no helmet)
rElec    .         Harm     .   (no cloak)
rCorr    .         Rampage  .   (no gloves)
Will     .....                  (no boots)
Stlth    ++........             (no amulet)
HPRegen  0.05/turn              (no ring)
MPRegen  0.08/turn              (no ring)

@: no status effects
A: small, no large weapons, nightstalker 3
a: Renounce Religion


You were on level 1 of the Dungeon.
You worshipped Qazlal.
Qazlal was aware of your devotion.
You visited 1 branch of the dungeon, and saw 1 of its levels.

You collected 3 gold pieces.

Inventory:

Hand Weapons
 a - a +0 club (weapon)
Armour
 b - a +0 leather armour (worn)
Wands
 c - a wand of flame (9)
 d - a wand of charming (12) (quivered)
 e - a wand of random effects (15)


   Skills:
 + Level 1.5 Fighting
 - Level 0.7 Armour
 + Level 2.7 Dodging
 - Level 1.3 Stealth
 * Level 4.1 Evocations


You had one spell level left.
You didn't know any spells.
Your spell library was empty.

Dungeon Overview and Level Annotations

Branches:
Dungeon (1/15)

Altars:
Qazlal


Innate Abilities, Weirdness & Mutations

You are small and have problems with some larger weapons.
You are completely attuned to the shadows.


Message History

The kobold hits you but does no damage. The kobold barely misses you.
You closely miss the kobold.
The kobold is moderately wounded.
The kobold hits you with a +0 short sword.
The kobold completely misses you.
A jackal comes into view.
You see here a ball python corpse.
You hit the kobold.
The kobold is severely wounded.
The kobold hits you but does no damage. The jackal bites you.
The kobold barely misses you. The jackal bites you. The jackal bites you.
You hit the jackal.
The jackal is moderately wounded.
You hear a bark!
A jackal comes into view.
The jackal bites you.
The jackal bites you but does no damage.
The jackal closely misses you. The jackal barely misses you.
The jackal bites you but does no damage.
Aiming: Charm
Press: ? - help, Q - select action, (/) - cycle Shift-Dir - straight line, f - jackal
Aim: a jackal (chance to affect: 74%)
The jackal is charmed.
The jackal misses your jackal.
The gnoll hits your jackal with a +0 flail!
Your jackal dies!
Aiming: Charm
Press: ? - help, Q - select action, (/) - cycle Shift-Dir - straight line, f - gnoll
Aim: a gnoll, wielding a +0 flail (chance to affect: 67%)
The gnoll struggles to resist.
Aiming: Charm
Press: ? - help, Q - select action, (/) - cycle Shift-Dir - straight line, f/p - gnoll
Aim: a gnoll, wielding a +0 flail (chance to affect: 67%)
The gnoll struggles to resist.
The jackal misses you. The gnoll hits you with a +0 flail!
You die...

..#####...###....#
.........## #.####
###+#######'####.#
.................#
#.##.#############
#†##.........# ...
#.##.....†...# #...
#.......gK...##........
#.....#...@hK.............
#.#...#####b##.##.##......
# #>..# #.##.#...#......
....# #......g†..!....
.....#...#......
.....##.##......
...........#####
b..##.###.#


You could see a gnoll, a jackal, a bat and 2 kobolds.

Vanquished Creatures
  A ball python (D:1)
  2 bats (D:1)
  2 endoplasms (D:1)
  4 jackals (D:1)
9 creatures vanquished.

Vanquished Creatures (others)
  A jackal (D:1)
1 creature vanquished.

Grand Total: 10 creatures vanquished

Notes
Turn   | Place    | Note
-------+----------+-------------------------------------------
     0 | D:1      | Lanoc the Kobold Artificer began the quest for the Orb.
     0 | D:1      | Reached XP level 1. HP: 12/12 MP: 1/1
   439 | D:1      | Reached XP level 2. HP: 7/16 MP: 2/2
   440 | D:1      | Reached skill level 4 in Evocations
   641 | D:1      | Found a faded altar of an unknown god.
   649 | D:1      | Became a worshipper of Qazlal Stormbringer
   649 | D:1      | Reached * piety under Qazlal
   758 | D:1      | Slain by a gnoll

Illustrated notes

Levels and vault maps discovered:
D:1:      roderic_octagonal_star, layout_basic, ebering_ecumenical_altar_box

Skill      XL: |  1  2 |
---------------+-------+-----
Evocations     | 4 |  4.1
Fighting       | |  1.5
Armour         | |  0.7
Dodging        | |  2.7
Stealth        | |  1.3

Action                   || total
-------------------------++-------
Melee: Club              ||    50
Evoke: Wand              ||     9
 Stab: Sleeping          ||     3
Armor: Leather armour    ||    25
Dodge: Dodged            ||    64

Table legend: (Time is in decaauts)
 A = Elapsed time spent in this place.
 B = Non-inter-level travel time spent in this place.
 C = Inter-level travel time spent in this place.
 D = Time resting spent in this place.
 E = Time spent auto-exploring this place.
 F = Levels seen in this place.
 G = Mean time per level.
                   A        B        C        D        E       F      G
               +--------+--------+--------+--------+--------+-----+--------+
         Total |    773 |    773 |      0 |      0 |    653 |   1 |  773.0 |
       Dungeon |    773 |    773 |      0 |      0 |    653 |   1 |  773.0 |
               +--------+--------+--------+--------+--------+-----+--------+

Top non-repeatable levels by time:
     D:1: 773 daAuts
